 Dungeon Crawl Stone Soup version 0.31.0-32-g396128a36d (webtiles) character file.

Game seed: 747733212537172788

41943 H0rd4k the Slicer (level 14, 0/162 HPs)
             Began as an Octopode Artificer on Mar 13, 2024.
             Was an Initiate of Gozag.
             Succumbed to a cane toad's poison
             ... on level 4 of the Lair of Beasts.
             The game lasted 00:37:27 (21149 turns).

H0rd4k the Slicer (Octopode Artificer)             Turns: 21149, Time: 00:37:28

Health: 0/162      AC:  8    Str: 11    XL:     14   Next: 17%
Magic:  10/34      EV: 18    Int: 22    God:    Gozag
Gold:   1513       SH:  0    Dex: 12    Spells: 27/27 levels left

rFire   . . .        G - +7 short sword of Courage {protect, *Rage +Blink Int+3 Stlth+}
rCold   + . .        (no shield)
rNeg    . . .        (helmet restricted)
rPois   .            D - amulet of guardian spirit
rElec   +            s - +5 ring of evasion
rCorr   .            H - ring of willpower
SInv    +            j - ring "Muti" {rElec MP+9}
Will    ++...        U - ring of protection from cold Stlth
                     (no ring)
HPRegen 0.47/turn    (no ring)
MPRegen 0.24/turn    (no ring)
                     (no ring)

%: random rage (20%), guardian spirit
@: berserking, lethally poisoned (0 -> -27), gold aura, under a protective aura,
very quick
A: almost no armour, amphibious, 8 rings, camouflage 1, gelatinous body 1,
(nimble swimmer 1), tentacles, see invisible
a: Renounce Religion, Evoke Blink, Potion Petition, Call Merchant, Bribe Branch


You were on level 4 of the Lair of Beasts.
You worshipped Gozag.
Gozag was most pleased with you.
You visited 3 branches of the dungeon, and saw 16 of its levels.
You also visited: Bailey and Ice Cave.

You collected 4298 gold pieces.
You spent 502 gold pieces at shops.
You paid 2283 gold pieces to Gozag.

Inventory:

Hand Weapons
 G - the +7 short sword of Courage (weapon) {protect, *Rage +Blink Int+3 Stlth+}
   (You found it on level 7 of the Dungeon)

   Int+3:     It affects your intelligence (+3).
   +Blink:    It lets you blink.
   *Rage:     It berserks you when you make melee attacks (+20% chance).
   Stlth+:    It makes you more stealthy.
 L - the +5 short sword of Heifocy {elec, rF+ rC+ rCorr Dex+3}
   (You bought it in a shop on level 10 of the Dungeon)

   Dex+3:     It affects your dexterity (+3).
   rF+:       It protects you from fire.
   rC+:       It protects you from cold.
   rCorr:     It protects you from acid and corrosion.
 M - the +2 long sword "Wygy" {flame, rPois Will- Stlth+}
   (You bought it in a shop on level 8 of the Dungeon)

   rPois:     It protects you from poison Will-: It decreases your willpower.
   Stlth+:    It makes you more stealthy.
Missiles
 a - 35 poisoned darts
 g - 4 throwing nets
 S - 6 atropa-tipped darts
Armour
 I - the +1 tower shield of Ferocious Liberty {rElec}
   (You found it in a bailey)

   rElec:     It insulates you from electricity.
Magical Staves
 B - a staff of cold
Jewellery
 j - the ring "Muti" (on tentacle) {rElec MP+9}
   (You found it in a bailey)

   [ring of magical power]

   rElec:     It insulates you from electricity.
   MP+9:      It affects your magic capacity (+9).
 s - a +5 ring of evasion (left tentacle)
 t - an amulet of faith
 D - an amulet of guardian spirit (around mantle)
 H - a ring of willpower (right tentacle)
 U - a ring of protection from cold (on tentacle)
Talismans
 q - a granite talisman
 F - a serpent talisman
Wands
 b - a wand of flame (44) (quivered)
 c - a wand of charming (7)
 d - a wand of iceblast (3)
 y - a wand of mindburst (36)
Scrolls
 f - 3 scrolls of enchant armour
 h - 7 scrolls of poison
 k - a scroll of fear
 l - 4 scrolls of blinking
 r - a scroll of silence
 v - 7 scrolls of teleportation
 w - a scroll of enchant weapon
 x - 2 scrolls of fog
 C - a scroll of vulnerability
 K - 2 scrolls of amnesia
 N - 2 scrolls of identify
Potions
 e - a potion of enlightenment {unknown}
 i - 4 potions of heal wounds
 m - 8 potions of curing
 n - a potion of ambrosia
 o - a potion of might
 p - 4 potions of mutation
 u - 2 potions of haste
 z - a potion of berserk rage {unknown}
 A - 4 potions of attraction {unknown}
 E - 4 potions of lignification {unknown}
 J - a potion of degeneration {unknown}
 O - a potion of experience {unknown}
 P - 2 potions of cancellation {unknown}
 Q - 2 potions of resistance {unknown}
 R - a potion of brilliance {unknown}
 T - a potion of invisibility {unknown}


   Skills:
 + Level 14.2 Fighting
 + Level 14.4 Short Blades
 - Level 2.3 Dodging
 - Level 1.3 Stealth
 - Level 10.8 Unarmed Combat
 + Level 7.4 Spellcasting
 - Level 3.2 Evocations


You had 27 spell levels left.
You didn't know any spells.
Your spell library contained the following spells:

 Spells                   Type           Power      Damage    Failure   Level
 Foxfire                  Conj/Fire      32%        2x1d5     8%          1
 Magic Dart               Conj           32%        1d4       8%          1
 Cigotuvi's Dreadful Rot  Necr/Alch/Air  16%        N/A       12%         2
 Ensorcelled Hibernation  Hex/Ice        16%        N/A       12%         2
 Searing Ray              Conj           16%        2d5       12%         2
 Call Canine Familiar     Summ           8%         N/A       24%         3
 Fugue of the Fallen      Necr           8%         N/A       24%         3
 Hailstorm                Conj/Ice       8%         3d5       24%         3
 Passwall                 Erth           8%         N/A       24%         3
 Sigil of Binding         Hex            8%         N/A       24%         3
 Summon Ice Beast         Ice/Summ       8%         N/A       24%         3
 Swiftness                Air            8%         N/A       24%         3
 Anguish                  Hex/Necr       4%         N/A       61%         4
 Brom's Barrelling Bould  Conj/Erth      8%         2d3       61%         4
 Dimensional Bullseye     Hex/Tloc       4%         N/A       61%         4
 Dispel Undead            Necr           8%         3d8       61%         4
 Fulminant Prism          Conj/Alch      4%         3d5       61%         4
 Martyr's Knell           Necr/Summ      8%         N/A       61%         4
 Fireball                 Conj/Fire      4%         3d4       91%         5
 Iskenderun's Battlesphe  Conj           8%         2d6       91%         5
 Conjure Ball Lightning   Conj/Air       4%         3x3d6     100%        6
 Death Channel            Necr           4%         N/A       100%        6
 Sculpt Simulacrum        Ice/Alch       4%         N/A       100%        6
 Orb of Destruction       Conj           4%         9d5       100%        7


Dungeon Overview and Level Annotations

Branches:
Dungeon (10/15)            Temple (1/1) D:7            Lair (5/5) D:8
 Shoals (0/4) Lair:3        Snake (0/4) Lair:2        Slime (0/5) Lair:4
 Bailey (visited)           IceCv (visited)
    Orc: D:9-12

Altars:
Ashenzari
Cheibriados
Dithmenos
Elyvilon
Fedhas
Gozag
Hepliaklqana
Kikubaaqudgha
Makhleb
Nemelex Xobeh
Okawaru
Qazlal
Ru
Sif Muna
Trog
Uskayaw
Vehumet
Wu Jian
Xom
Yredelemnul
Zin
The Shining One

Shops:
D:8 *(*   D:10 (

Annotations:
Lair:1 exclusion: downstairs
Lair:4 exclusion: hydra


Innate Abilities, Weirdness & Mutations

You cannot wear most types of armour.
You are amphibious.
You can wear up to eight rings at the same time.
Your skin changes colour to match your surroundings (Stealth+).
Your rubbery body absorbs attacks. (AC +1, EV +1)
((You are camouflaged when in or above water. (Stealth+)))
You have tentacles for arms and can constrict up to eight enemies at once.
You have supernaturally acute eyesight. (SInv)


Message History

You squeeze the cane toad, but do no damage.
The cane toad is heavily wounded.
You constrict the cane toad, but do no damage.
* * * LOW HITPOINT WARNING * * *
You feel very sick.
You hit the cane toad.
The cane toad is heavily wounded.
You constrict the cane toad, but do no damage.
* * * LOW HITPOINT WARNING * * *
You feel very sick.
The vampire mosquito is no longer distracted by gold.
You hit the cane toad.
The cane toad is severely wounded.
You constrict the cane toad.
* * * LOW HITPOINT WARNING * * *
You feel very sick. The vampire mosquito bites you.
* * * LOW HITPOINT WARNING * * *
The vampire mosquito draws strength from your injuries!
The cane toad barely misses you.
You are too berserk!
You hit the cane toad.
The cane toad is severely wounded.
You constrict the cane toad, but do no damage.
* * * LOW HITPOINT WARNING * * *
You feel very sick.
You hit the cane toad. You tentacle-slap the cane toad.
You kill the cane toad!
* * * LOW HITPOINT WARNING * * *
You feel sick. The vampire mosquito bites you!
* * * LOW HITPOINT WARNING * * *
The vampire mosquito draws strength from your injuries!
Unknown command.
You impale the vampire mosquito!! You grab the vampire mosquito.
You tentacle-slap the vampire mosquito!
You destroy the vampire mosquito!
* * * LOW HITPOINT WARNING * * *
You feel very sick.
You die...
Your body crumbles into a pile of gold.

###P.##..............#.###..#...#
##..#............#.######.#...#
####..#..#........#### #........
P##...##.#........#.# #........
...#..##..#........## ##.......)
.....###.##.......## #.........
#.....##.##.......P# ##.....^..
##...###.##......$.# ##........
##..............@>## #.........
#................# ##........
##..######.......# #.........
#### ##.##.P## ##.##.###. ###.###
###### ## ###


There were no monsters in sight!

Vanquished Creatures
  A frost giant (IceCv)
  A hydra (Lair:3)
  An ogre mage (D:10)
  A two-headed ogre (D:10)
  5 death yaks (IceCv)
  Nergalle (D:10)
  A skyshark (Lair:2)
  Pikel (D:9)
  2 orc knights (Bailey)
  An ugly thing (IceCv)
  A manticore (Lair:3)
  Maurice (D:8)
  4 black mambas
  13 cane toads
  A torpor snail (Lair:4)
  A gargoyle (D:10)
  10 rime drakes
  8 komodo dragons
  2 ice devils (Lair:1)
  5 polar bears
  A troll (D:8)
  A wind drake (Lair:3)
  Prince Ribbit (D:9)
  Grinder (D:3)
  56 yaks
  5 wyverns
  A vampire mosquito (Lair:4)
  2 basilisks
  4 steam dragons
  Edmund (D:4)
  3 nagas (Lair:2)
  9 water moccasins
  8 orc warriors
  A sky beast (D:7)
  A laughing skull (D:10)
  26 wolves
  An ogre (D:9)
  2 centaurs
  2 phantoms
  17 bullfrogs
  3 gnoll sergeants
  3 scorpions
  12 wights
  12 killer bees
  5 howler monkeys
  6 electric eels (D:8)
  2 bombardier beetles
  10 orc priests
  5 hounds
  2 sleepcaps
  Jessica (D:2)
  A gnoll bouda (D:6)
  8 orc wizards
  Natasha (thrice) (D:2)
  2 iguanas
  6 adders
  24 gnolls
  2 shadow imps (D:6)
  A white imp (D:6)
  4 ufetubi (D:5)
  3 dart slugs
  63 orcs
  9 ball pythons
  4 bats
  5 endoplasms
  2 giant cockroaches (D:2)
  6 goblins
  7 hobgoblins
  6 jackals
  11 kobolds
  7 quokkas
  3 frilled lizards
  8 rats
450 creatures vanquished.

Vanquished Creatures (collateral kills)
  A cane toad (Lair:3)
  A polar bear (IceCv)
  A vampire (D:9)
  A yak (D:9)
  Grum (D:9)
  4 wolves
  A lemure (D:9)
  A scorpion (D:5)
  3 wights
  2 orc priests (D:6)
  A hound (D:8)
  An iguana (D:5)
  3 gnolls (D:5)
  5 orcs (D:8)
26 creatures vanquished.

Vanquished Creatures (others)
  A two-headed ogre (D:9)
  3 yaks (Lair:3)
  Duvessa (D:6)
  A wolf (IceCv)
  A scorpion (D:5)
  Dowan (D:6)
  An orc priest (D:8)
  An orc (D:8)
10 creatures vanquished.

Grand Total: 486 creatures vanquished

Notes
Turn   | Place    | Note
-------+----------+-------------------------------------------
     0 | D:1      | H0rd4k the Octopode Artificer began the quest for the Orb.
     0 | D:1      | Reached XP level 1. HP: 13/13 MP: 1/1
   161 | D:1      | Reached skill level 1 in Unarmed Combat
   163 | D:1      | Reached XP level 2. HP: 16/18 MP: 2/2
  1016 | D:2      | Noticed Natasha
  1021 | D:2      | Killed Natasha
  1022 | D:2      | Reached XP level 3. HP: 6/24 MP: 3/3
  1125 | D:2      | Noticed Natasha
  1135 | D:2      | Killed Natasha
  1136 | D:2      | Reached XP level 4. HP: 24/29 MP: 4/4
  1246 | D:2      | Noticed Natasha
  1257 | D:2      | Killed Natasha
  1294 | D:2      | Found an ornate altar of the Wu Jian Council.
  1516 | D:2      | Reached XP level 5. HP: 27/34 MP: 5/5
  1791 | D:2      | Noticed Jessica
  1794 | D:2      | Killed Jessica
  2173 | D:3      | Noticed Grinder
  2181 | D:3      | Killed Grinder
  2182 | D:3      | Reached skill level 5 in Unarmed Combat
  2182 | D:3      | Reached XP level 6. HP: 40/41 MP: 6/6
  2721 | D:4      | Reached XP level 7. HP: 29/45 MP: 7/7
  2864 | D:4      | Noticed Edmund
  3714 | D:5      | Entered Level 5 of the Dungeon
  3873 | D:5      | Reached XP level 8. HP: 52/52 MP: 8/8
  3988 | D:5      | Found a glowing silver altar of Zin.
  5429 | D:6      | Noticed Duvessa
  5430 | D:6      | Noticed Dowan
  5432 | D:6      | Reached skill level 10 in Unarmed Combat
  5457 | D:6      | Your ally Dowan died
  5460 | D:6      | Reached XP level 9. HP: 23/58 MP: 5/9
  5463 | D:6      | Your ally Duvessa died
  6603 | D:6      | Reached skill level 1 in Spellcasting
  6763 | D:7      | Identified the +7 short sword of Courage {protect, *Rage
                  | +Blink Int+3 Stlth+}
  6988 | D:7      | Found a staircase to the Ecumenical Temple.
  7063 | Temple   | Entered the Ecumenical Temple
  7083 | Temple   | Became a worshipper of Gozag Ym Sagoz the Greedy
  7331 | D:7      | Reached skill level 5 in Fighting
  7331 | D:7      | Reached skill level 1 in Short Blades
  8325 | D:8      | Reached XP level 10. HP: 36/68 MP: 7/15
  8553 | D:8      | Reached skill level 5 in Short Blades
  8555 | D:8      | Noticed Maurice
  8691 | D:8      | Killed Maurice
  8921 | D:8      | Found a staircase to the Lair.
  8961 | D:8      | HP: 2/68 [electric eel/bolt of electricity (10)]
  9515 | D:8      | Found an ornate altar of the Wu Jian Council.
  9727 | D:9      | Noticed Grum
  9738 | D:9      | Killed Grum
  9744 | D:9      | Noticed Pikel
  9781 | D:9      | Reached skill level 5 in Spellcasting
  9786 | D:9      | Noticed a two-headed ogre
  9951 | D:9      | Found a flagged portal.
  9981 | Bailey   | Entered a bailey
 10141 | Bailey   | Noticed an orc knight
 10155 | Bailey   | Reached XP level 11. HP: 67/75 MP: 15/18
 10273 | Bailey   | Identified the ring "Muti" {rElec MP+9}
 10275 | Bailey   | Identified the +1 tower shield of Ferocious Liberty {rElec}
 10291 | Bailey   | Noticed an orc knight
 10316 | Bailey   | Killed an orc knight
 10396 | Bailey   | Killed an orc knight
 10502 | D:9      | Noticed Prince Ribbit
 10522 | D:9      | Killed Prince Ribbit
 10889 | D:9      | Killed Pikel
 11361 | D:10     | Entered Level 10 of the Dungeon
 11410 | D:10     | Reached skill level 10 in Short Blades
 11615 | D:10     | Noticed Nergalle
 11625 | D:10     | Killed Nergalle
 11770 | D:10     | Found Unadau's Antique Weapon Boutique.
 11843 | D:10     | Noticed a two-headed ogre
 11857 | D:10     | Killed a two-headed ogre
 12029 | D:10     | Noticed an ogre mage
 12308 | D:4      | Killed Edmund
 12631 | D:10     | Bought an iridescent short sword for 264 gold pieces
 12631 | D:10     | Identified the +5 short sword of Heifocy {elec, rF+ rC+
                  | rCorr Dex+3} (You bought it in a shop on level 10 of the
                  | Dungeon)
 12688 | D:10     | Killed an ogre mage
 12689 | D:10     | Reached XP level 12. HP: 84/84 MP: 22/22
 12743 | D:10     | Got Nasu's Disquisition on the Loathsome Discharge
 12889 | D:8      | Bought a brightly glowing long sword for 238 gold pieces
 12889 | D:8      | Identified the +2 long sword "Wygy" {flame, rPois Will-
                  | Stlth+} (You bought it in a shop on level 8 of the Dungeon)
 12895 | Lair:1   | Entered Level 1 of the Lair of Beasts
 13182 | Lair:1   | Found a frozen archway.
 13206 | IceCv    | Entered an ice cave
 13762 | IceCv    | Noticed a death yak
 14014 | IceCv    | Killed a death yak
 14015 | IceCv    | Reached skill level 10 in Fighting
 14281 | IceCv    | Noticed a death yak
 14281 | IceCv    | Noticed a frost giant
 14303 | IceCv    | Gained mutation: You have supernaturally acute eyesight.
                  | (SInv) [potion of mutation]
 14319 | IceCv    | Killed a frost giant
 14585 | IceCv    | Killed a death yak
 14690 | IceCv    | Noticed a death yak
 14701 | IceCv    | Killed a death yak
 14715 | IceCv    | Reached XP level 13. HP: 95/95 MP: 24/24
 17347 | Lair:2   | Found a staircase to the Snake Pit.
 18204 | Lair:3   | Found a staircase to the Shoals.
 20038 | Lair:4   | Reached XP level 14. HP: 107/107 MP: 25/25
 20792 | Lair:4   | Identified the +4 hand axe "Wydufez" {drain, ^Contam rElec
                  | rC+ Will+++}
 20878 | Lair:4   | Found a staircase to the Slime Pits.
 20998 | Lair:4   | Identified the +6 spear of Wondrous Power {heavy, Str+6}
 21121 | Lair:5   | Entered Level 5 of the Lair of Beasts
 21147 | Lair:4   | HP: 8/162 [vampire mosquito (3)]
 21149 | Lair:4   | Succumbed to a cane toad's poison

Illustrated notes

Levels and vault maps discovered:
D:1:      spicycebolla_arrival_ecumenical, layout_basic, nicolae_titane
D:2:      layout_basic, basic_altar, minmay_octomino_j4, uniq_jessica,
          uniq_natasha
D:3:      layout_rooms, uniq_grinder
D:4:      layout_basic, uniq_edmund
D:5:      layout_basic, mainiacjoe_overflow_cross_hatched,
          kennysheep_small_square
D:6:      layout_gridville, nicolae_concentric_dashed_squares_wild,
          minmay_misc_feat_plants, uniq_duvessa
D:7:      layout_loops_ring, minmay_temple_entry_junction,
          serial_co_window_serial, co_window_paths_a, co_window_paths_a,
          co_window_corner_a, co_window_of_opportunity_a, co_window_paths_a,
          co_window_unsneaky_path_a, co_window_cross_3, co_window_2corner,
          co_window_broadway_a, glass_columns_c, glass_columns_b,
          glass_columns_a
D:8:      layout_cave_pools, kennysheep_mini_moat, erik_lair_island,
          nicolae_kite_square_tiling_tiny, uniq_maurice
D:9:      layout_roguey [special_room_orc], enter_bailey_5, serial_corexii_hall,
          corexii_hall_statues_t, corexii_hall_statues_s, minmay_hedge_maze,
          uniq_prince_ribbit1, uniq_pikel, uniq_grum
D:10:     layout_big_octagon, serial_shops, nicolae_shop_crystal,
          minmay_radiant, uniq_nergalle
Temple:   nicolae_temple_bog_church
Lair:1:   layout_regular_city, portal_ice_cave_demonic_guard,
          lemuel_old_faithful
Lair:2:   layout_cave_pods, nicolae_snake_entry_squirm
Lair:3:   layout_regular_city, minmay_shoals_entry_beasts
Lair:4:   cheibrodos_lair_river_kwai, layout_gridlike,
          dpeg_slime_entry_enclosed, grunt_megastairs_3, lemuel_fruit_tree
Lair:5:   minmay_lair_end_frog_pond, layout_regular_city, serial_bayou_shore_b,
          lemuel_fruit_fields, uniq_josephine

Skill      XL: |  1  2  3  4  5  6  7  8  9 10 11 12 13 14 |
---------------+-------------------------------------------+-----
Unarmed Combat | 1 2 3 5 6 8 10 | 10.8
Fighting       | 2 3 5 7 8 11 13 14 | 14.2
Spellcasting   | 3 5 6 7 |  7.4
Short Blades   | 4 8 10 12 14 | 14.4
Dodging        | |  2.3
Stealth        | |  1.3
Evocations     | |  3.2

Action                     |  1- 3 |  4- 6 |  7- 9 | 10-12 | 13-15 || total
---------------------------+-------+-------+-------+-------+-------++-------
  Melee: Unarmed           |    59 |    97 |   172 |       |       ||   328
         Constrict         |    17 |    29 |    63 |    67 |    42 ||   218
         Tentacles         |    10 |    20 |    62 |   151 |   146 ||   389
         Punch             |     1 |     4 |    18 |    57 |    59 ||   139
         Short sword       |       |       |    72 |   610 |   485 ||  1167
 Invoke: Call Merchant     |       |       |       |     2 |     1 ||     3
  Evoke: Wand              |       |     7 |    37 |    41 |     8 ||    93
    Use: Scroll            |       |       |     9 |     4 |     4 ||    17
         Potion            |       |       |       |     4 |       ||     4
   Stab: Sleeping          |     6 |    18 |    13 |     3 |    11 ||    51
         Distracted        |       |       |     1 |     3 |     1 ||     5
 Armour: Skin              |    23 |    35 |   122 |   234 |   165 ||   579
  Dodge: Dodged            |    37 |    48 |   189 |   306 |   222 ||   802
